 Dungeon Crawl Stone Soup version 0.18-a0-1649-g8d9735b (webtiles) character file.

1002288 Yawgmoth the Petrodigitator (level 27, -4/192 HPs)
             Began as a Gargoyle Earth Elementalist on Mar 28, 2016.
             Was the Champion of Vehumet.
             Slain by a reaper
             ... wielding a +0 scythe of slicing
             ... summoned by a mummy priest's death curse
              (24 damage)
             ... on level 27 of a ziggurat on Mar 29, 2016.
             The game lasted 18:45:20 (111974 turns).

Yawgmoth the Petrodigitator (GrEE)                Turns: 111974, Time: 18:45:20

Health: -4/192     AC: 46    Str: 10 (11) XL:     27
Magic:  0/78       EV: 28    Int: 34 (35) God:    Vehumet [******]
Gold:   6734       SH:  9    Dex: 23      Spells: 15 memorised, 6 levels left

rFire  . . .     SeeInvis .     Q - staff of energy {They Set Us Up The Bomb}
rCold  + + +     Gourm    +     m - +4 moon troll leather armour {Spirit, Regen++ MP+5, Regen++}
rNeg   + + +     Faith    .     l - +3 buckler {rC+ rF+}
rPois  ∞         Spirit   +     w - +3 hat of Pondering {ponderous, MR+ MP+10 Int+5}
rElec  +         Dismiss  .     H - +2 cloak of Starlight {rElec rC+ EV+4 Stlth--}
rCorr  .         Reflect  .     u - +2 pair of gloves "Basajoru" {rC+ Regen+ Int+2}
SustAt +         Harm     .     K - +1 pair of boots
MR     +++..                    i - amulet of the gourmand
Stlth  +.........               A - ring of Dishonour {SustAt MP+9 Str-2 Dex+7 Stlth+}
                                b - ring of Xom's Wantonness {rF- rN++ MP+9 Dex+6}

@: contaminated, slowed, glowing, studying 3 skills, repel missiles, very slow,
extremely resistant to hostile enchantments, very unstealthy
A: big wings, deterioration 1, low mp 1, negative energy resistance 1,
electricity resistance, unbreathing, petrification resistance, rot immunity, AC
+20
a: Fly, Renounce Religion
}: 6/15 runes: serpentine, barnacled, slimy, silver, golden, abyssal


You were on level 27 of a ziggurat.
You worshipped Vehumet.
Vehumet was exalted by your worship.
You were very full.

You visited 13 branches of the dungeon, and saw 60 of its levels.
You visited the Abyss 1 time.
You visited 1 ziggurat, and saw 27 of its levels.
You also visited: Trove and Wizlab.

You collected 11310 gold pieces.
You spent 4576 gold pieces at shops.

Inventory:

Hand Weapons
 B - the +10 long sword "Imavuez" {speed, rF+++ rC+ Str+3 Dex-4}
   (You found it on level 6 of a ziggurat)

   Attacks with this weapon are significantly faster.
   It affects your strength (+3).
   It affects your dexterity (-4).
   It renders you almost immune to fire.
   It protects you from cold.
 V - a +9 quarterstaff of chaos {CHAOS}
Missiles
 p - 20 throwing nets (quivered)
Armour
 l - a +3 buckler of resistance (worn)
 m - the +4 moon troll leather armour (worn) {Spirit, Regen++ MP+5, Regen++}
   (You took it off a moon troll in a wizard's laboratory)

   It affects your magic capacity (+5).
   It increases your rate of regeneration.
 u - the +2 pair of gloves "Basajoru" (worn) {rC+ Regen+ Int+2}
   (You found it in a treasure trove)

   It affects your intelligence (+2).
   It protects you from cold.
   It increases your rate of regeneration.
 w - the +3 hat of Pondering (worn) {ponderous, MR+ MP+10 Int+5}
   (You found it on level 4 of the Dungeon)

   It affects your intelligence (+5).
   It affects your resistance to hostile enchantments.
   It affects your magic capacity (+10).
 H - the +2 cloak of Starlight (worn) {rElec rC+ EV+4 Stlth--}
   (You found it on level 13 of a ziggurat)

   It affects your evasion (+4).
   It protects you from cold.
   It insulates you from electricity.
   It makes you much less stealthy.
 K - a +1 pair of boots (worn)
Magical Staves
 n - an uncursed staff of earth {Atlas}
 O - an uncursed staff of fire
 Q - an uncursed staff of energy (weapon) {They Set Us Up The Bomb}
Jewellery
 b - the ring of Xom's Wantonness (left hand) {rF- rN++ MP+9 Dex+6}
   (You found it on level 13 of the Dungeon)

   [ring of magical power]

   It affects your dexterity (+6).
   It makes you vulnerable to fire.
   It greatly protects you from negative energy.
   It affects your magic capacity (+9).
 e - an uncursed ring of resist corrosion
 f - the ring of the Mage {Wiz MR++ Int+3}
   (You found it on level 26 of a ziggurat)

   [ring of wizardry]

   It improves your spell success rate.
   It affects your intelligence (+3).
   It affects your resistance to hostile enchantments.
 i - an amulet of the gourmand (around neck)
 v - the ring of Shadows {Umbra +Inv rN+ SInv}
   (You found it on level 13 of a ziggurat)

   [ring of positive energy]

   It protects you from negative energy.
   It lets you see invisible.
   It lets you turn invisible.
 A - the ring of Dishonour (right hand) {SustAt MP+9 Str-2 Dex+7 Stlth+}
   (You found it in a treasure trove)

   [ring of sustain attributes]

   It sustains your strength, intelligence and dexterity.
   It affects your strength (-2).
   It affects your dexterity (+7).
   It affects your magic capacity (+9).
   It makes you more stealthy.
 P - the ring "Neishrytz" {+Blink MR- MP+9 Str+7 Int+4}
   (You found it on level 24 of a ziggurat)

   [ring of magical power]

   It affects your strength (+7).
   It affects your intelligence (+4).
   It affects your resistance to hostile enchantments.
   It affects your magic capacity (+9).
   It lets you blink.
 R - the ring "Kujuasm" {+Fly rF++, unknown}
   (You found it on level 26 of a ziggurat)

   [ring of flight]

   It greatly protects you from fire.
   It lets you fly.
 U - the ring "Baot" {rF+ rC+ rN+ Str-2 Dex+4}
   (You found it on level 16 of a ziggurat)

   [ring of dexterity]

   It affects your strength (-2).
   It affects your dexterity (+4).
   It protects you from fire.
   It protects you from cold.
   It protects you from negative energy.
Wands
 I - a wand of teleportation (4/9)
Scrolls
 d - 6 scrolls of identify
 g - 3 scrolls of silence
 k - 12 scrolls of recharging
 o - 3 scrolls of enchant armour
 x - 3 scrolls of magic mapping
 D - 18 scrolls of teleportation
 L - 15 scrolls of enchant weapon
 M - a scroll of amnesia
 N - 34 scrolls of remove curse
 W - 2 scrolls of holy word
Potions
 j - 4 potions of curing
 r - a potion of ambrosia
 z - 5 potions of brilliance
 F - 12 potions of cure mutation
 S - a potion of haste
 T - 4 potions of beneficial mutation
Books
 q - a manual of Shields
 t - a manual of Staves
 y - a manual of Staves
 Z - a manual of Axes
Miscellaneous
 c - a disc of storms
 h - a crystal ball of energy
 s - 5 phantom mirrors
 Y - a lamp of fire (inert)
Comestibles
 a - 20 meat rations
 C - 24 bread rations
 X - 3 royal jellies


   Skills:
 + Level 24.4 Fighting
 + Level 17.4 Staves
 + Level 22.3 Armour
 - Level 12.0 Dodging
 - Level 2.1 Stealth
 - Level 5.0 Shields
 * Level 23.3 Spellcasting
 + Level 24.3 Conjurations
 + Level 14.2 Charms
 - Level 7.0 Translocations
 - Level 0.7 Transmutations
 + Level 22.6 Fire Magic
 O Level 27 Earth Magic
 + Level 19.2 Evocations


You had 6 spell levels left.
You knew the following spells:

 Your Spells              Type           Power        Failure   Level  Hunger
a - Shatter               Erth           ########..   1%          9    None
b - Fire Storm            Conj/Fire      ########..   2%          9    None
c - Apportation           Tloc           ######....   1%          1    None
d - Lee's Rapid Deconstr  Erth           ########..   0%          5    None
e - Passwall              Trmt/Erth      #######...   0%          2    None
f - Passage of Golubria   Tloc           N/A          1%          4    None
g - Blink                 Tloc           N/A          1%          2    None
h - Ring of Flames        Chrm/Fire      ########..   1%          7    None
i - Lehudib's Crystal Sp  Conj/Erth      ########..   1%          8    None
j - Haste                 Chrm           #######.     1%          6    None
k - Animate Skeleton      Necr           N/A          1%          1    None
l - Summon Butterflies    Summ           #####...     1%          1    None
m - Iron Shot             Conj/Erth      ########..   0%          6    None
n - Regeneration          Chrm/Necr      ######....   1%          3    None
o - Repel Missiles        Chrm/Air       ######       1%          2    None


Dungeon Overview and Level Annotations

Branches:
Dungeon (15/15)            Temple (1/1) D:7            Lair (8/8) D:9
 Shoals (4/4) Lair:6        Snake (4/4) Lair:3        Slime (6/6) Lair:7
    Orc (2/2) D:12            Elf (3/3) Orc:2        Vaults (5/5) D:14
  Crypt (3/3) Vaults:2       Tomb (3/3) Crypt:3      Depths (5/5) D:15
   Hell (1/1)                 Dis (0/7) Hell            Zot (0/5) Depths:5
    Geh: Hell:1         Coc: Hell:1         Tar: Hell:1

Altars:
Ashenzari
Cheibriados
Dithmenos
Elyvilon
Fedhas
Gozag
Kikubaaqudgha
Makhleb
Nemelex Xobeh
Okawaru
Pakellas
Qazlal
Ru
Sif Muna
Trog
Vehumet
Xom
Yredelemnul
Zin
The Shining One
Beogh
Jiyva

Shops:
D:6 (   D:14 *   Orc:2 =[(}   Elf:2 =   Elf:3 *   Shoals:3 ?   Snake:2 ?
Vaults:4 !

Portals:
Hell: Depths:1 Depths:2 Depths:3 Depths:4 Depths:5
Abyss: Depths:2 Depths:4
Pandemonium: Depths:1 Depths:2 Depths:3 Depths:4
Ziggurat: Hell

Annotations:
D:14 6 runed doors, exclusion: 6 doors


Innate Abilities, Weirdness & Mutations

You are resistant to torment.
Your stone body is resilient (AC +20).
You are immune to poison.
Your large and strong wings let you fly indefinitely.
You resist negative energy.
You are resistant to electric shocks.
You can survive without breathing.
You are immune to petrification.
You are immune to rotting.
Your body sometimes deteriorates upon taking damage.
Your magical capacity is low (-10% MP).


Message History

The bennu barely misses you. The bennu claws you.
* * * LOW HITPOINT WARNING * * *
The phantasmal warrior hits you but does no damage.
Read which item? (? for menu, Esc to quit)
Okay, then.
Casting: Shatter
Confirm with . or Enter, or press ? or * to list all spells.
Aiming: Passage of Golubria
Press: ? - help, Dir - move target cursor The bennu barely misses you. x2; You block the bennu's attack.
The greater mummy gestures at you while chanting.
Something smites you!
* * * LOW HITPOINT WARNING * * *
The bennu jubilantly flits about.
The bennu closely misses you. The bennu misses you.
The bennu barely misses you. The soul eater hits you!
* * * LOW HITPOINT WARNING * * *
The greater mummy gestures wildly while chanting.
The reaper hits you from afar with a scythe of slicing!!
You die...

s.ZWMM..8..
..M......[.M...........=
§......................)
.ZM§M................§§§
ssMss38....†........§...
ssns§s.............§....
M.s.3..M......2s........
.z§sss..M8.....3W.......
.#S§MB.s.M..Z.W.@.......
.ZW.ZsWM.MsZ.§.b^.......
WzZsZW....§M..W▓▓▓▓▓▓▓▓▓
.z.Z3sMs.M§.ZW§▓


.Z.zzMW..MzWZ.§▓ ....WMZ..§§§§§.▓ ...ZW.W.Z§§§.§.▓ ........§§§§§§.▓
▓▓▓▓▓▓▓▓▓▓▓▓▓▓▓▓ You could see 4 greater mummies, 2 emperor scorpions, a reaper,
a bennu, a soul eater, 4 flayed ghosts, a phantasmal warrior, an ushabti, a
spectral iron dragon, 2 mummies, a wight, a caustic shrike simulacrum, an iron
dragon zombie and an elf zombie.

Vanquished Creatures
  the Royal Jelly (Slime:6)
  12 ancient liches
  Khufu (Tomb:3)
  Mara (Depths:3)
  6 orbs of fire (Zig:19)
  Sojobo (Vaults:4)
  31 greater mummies
  4 juggernauts
  Vashnia (Snake:3)
  4 caustic shrikes
  Saint Roka (Orc:2)
  5 Killer Klowns
  Jory (Depths:4)
  Geryon (Hell)
  Nikola (Snake:4)
  9 golden dragons
  2 profane servitors
  9 bone dragons
  6 electric golems (Zig:15)
  Jorgrun (Vaults:1)
  2 Brimstone Fiends
  13 liches
  Rupert (Lair:3)
  A hellephant (Abyss:3)
  3 tentacled monstrosities
  5 pandemonium lords
  A moon troll (WizLab)
  9 quicksilver dragons
  8 deep elf blademasters
  A quicksilver dragon (shapeshifter) (Zig:13)
  29 acid blobs
  13 deep elf master archers
  6 titans
  4 krakens
  13 sphinxes
  An Executioner (Abyss:3)
  Frances (D:14)
  16 tentacled starspawn
  24 ancient champions
  Ilsuiw (Shoals:4)
  Kirke (Snake:3)
  8 storm dragons
  2 azure jellies (shapeshifter)
  Roxanne (Shoals:2)
  34 greater nagas
  12 tengu reavers
  19 azure jellies
  Wiglaf (Elf:2)
  A draconian monk (Zig:14)
  18 revenants
  7 fire giants
  10 shadow dragons
  2 draconian knights
  Donald (Slime:5)
  2 draconian scorchers
  5 ghost moths (Zig:17)
  8 frost giants
  Louise (Snake:3)
  Aizul (Snake:2)
  An emperor scorpion (Zig:17)
  11 curse skulls
  4 cacodemons
  3 orc warlords
  9 deep elf elementalists
  3 caustic shrike zombies
  28 vault wardens
  2 iron dragons
  14 deep elf sorcerers
  An angel (Abyss:1)
  7 balrugs
  2 draconian zealots (Zig:14)
  6 juggernaut skeletons
  6 ghouls
  3 draconian annihilators (Zig:14)
  18 stone giants
  12 reapers
  2 spriggan defenders
  26 very ugly things
  2 war gargoyles
  A yellow draconian (Zig:14)
  14 ironheart preservers
  7 bennus
  15 vampire knights
  2 lorocyprocas
  13 salamander stormcallers
  2 mottled draconians (Zig:14)
  3 green draconians (Zig:14)
  20 deep elf demonologists
  Azrael (D:12)
  A black draconian (Depths:5)
  26 deep elf annihilators
  A dire elephant (shapeshifter) (Zig:13)
  3 red draconians
  3 white draconians
  17 ettins
  7 spark wasps
  2 purple draconians (Zig:14)
  17 eidola
  15 deep elf death magi
  37 vault guards
  7 green deaths
  2 merfolk javelineers (Shoals:4)
  20 fire dragons
  4 blizzard demons
  14 merfolk impalers
  38 mummy priests
  Snorg (Lair:3)
  16 jiangshi
  7 death oozes
  9 deep elf high priests
  Fannar (Lair:2)
  7 entropy weavers
  23 great orbs of eyes
  16 ice dragons
  9 rakshasas
  18 yaktaur captains
  2 quicksilver dragon skeletons
  2 quicksilver dragon zombies
  21 naga warriors
  12 hydras
  2 catoblepae
  A spectral shadow dragon (Crypt:3)
  6 spriggan air magi
  4 alligator snapping turtles
  A ghost crab (Zig:22)
  3 merfolk avatars (Shoals:4)
  9 centaur warriors
  12 ogre magi
  3 tengu warriors
  An iron giant zombie (Zig:20)
  A monstrous demonspawn (Depths:1)
  15 anacondas
  4 death knights
  4 merfolk aquamancers
  35 dancing weapons
  2 satyrs
  14 deep troll shamans
  3 alligators (Zig:22)
  An alligator (shapeshifter) (Vaults:3)
  5 thrashing horrors
  9 deep troll earth magi
  2 death yaks
  3 titan zombies (Zig:24)
  21 shock serpents
  A spriggan berserker (Depths:4)
  31 vampire magi
  A shock serpent (shapeshifter) (Zig:6)
  8 orc high priests
  An iron golem (Zig:24)
  Nergalle (Lair:1)
  16 spriggans
  4 hell hogs
  13 soul eaters
  17 naga sharpshooters
  3 titan skeletons
  A storm dragon zombie (Zig:24)
  12 sun demons
  8 wretched stars
  29 hell knights
  43 skeletal warriors
  31 deep elf knights
  A fire crab (Vaults:4)
  3 spatial maelstroms
  31 shadow wraiths
  A spark wasp zombie (Zig:8)
  A quicksilver dragon simulacrum (Crypt:1)
  6 death drakes (Zig:22)
  18 giant orange brains
  28 death scarabs
  6 salamander mystics
  2 storm dragon skeletons
  2 anaconda zombies (Hell)
  A spectral ghost moth (Crypt:3)
  A deep troll (shapeshifter) (Zig:4)
  4 golden dragon zombies
  8 naga ritualists
  An infernal demonspawn (Depths:1)
  8 shambling mangroves (Zig:22)
  2 death drakes (shapeshifter)
  16 sea snakes
  3 wizards
  21 flayed ghosts
  8 unseen horrors
  2 swamp dragons (shapeshifter)
  37 deep trolls
  2 ghost moth zombies
  A putrid demonspawn (Depths:2)
  6 swamp dragons (Zig:22)
  19 deep elf archers
  13 hill giants
  3 shadow dragon zombies
  32 phantasmal warriors
  16 ironbrand convokers
  A torturous demonspawn (Depths:3)
  71 deep elf magi
  An orange crystal statue (WizLab)
  22 harpies
  An anubis guard (shapeshifter) (Zig:4)
  2 golden dragon skeletons
  A sphinx zombie (Vaults:4)
  17 necromancers
  18 orc knights
  An anaconda skeleton (Hell)
  8 orb spiders
  An orb spider (shapeshifter) (D:15)
  35 anubis guards
  7 orc sorcerers
  12 mana vipers
  68 ugly things
  A wolf spider zombie (Crypt:3)
  3 tengu skeletons
  6 oklob plants (Zig:11)
  10 cyclopes
  A moth of wrath (shapeshifter) (Zig:13)
  A faun (shapeshifter) (Zig:13)
  A spectral ettin (Crypt:3)
  15 griffons
  2 fire giant zombies
  10 wolf spiders
  12 manticores
  A shadow dragon skeleton (Zig:24)
  7 hornets
  3 frost giant zombies
  4 moths of wrath
  A faun (Shoals:2)
  2 stone giant zombies
  16 shining eyes
  A hornet (shapeshifter) (Elf:2)
  5 sixfirhies
  3 centaur zombies
  19 salamanders
  5 worldbinders
  14 guardian serpents
  Maurice (D:10)
  13 sirens
  2 frost giant skeletons
  12 elephants
  20 naga magi
  2 iron dragon skeletons (Zig:24)
  A guardian serpent (shapeshifter) (Vaults:3)
  A titan simulacrum (Zig:20)
  2 dire elephant zombies
  19 vault sentinels
  An ice statue (Zig:4)
  A torpor snail (Zig:17)
  A torpor snail (shapeshifter) (Depths:5)
  A stone giant skeleton (D:15)
  2 elephants (shapeshifter)
  7 smoke demons
  3 water nymphs
  51 black mambas
  4 rust devils
  An apocalypse crab (Abyss:1)
  14 eyes of devastation
  A spiny frog (shapeshifter) (Vaults:5)
  A shock serpent skeleton (Crypt:1)
  A dire elephant skeleton (Tomb:2)
  2 gargoyles
  8 hellions
  A grey draconian zombie (Crypt:1)
  A yaktaur (shapeshifter) (Depths:3)
  6 orange demons
  23 freezing wraiths
  29 spiny frogs
  95 yaktaurs
  4 kobold demonologists
  10 efreet
  5 tormentors
  A rime drake (Lair:8)
  An ice devil (Hell)
  4 demonic crawlers (Zig:17)
  12 ancient zymes
  2 hellwings
  11 komodo dragons
  An iron troll zombie (Crypt:3)
  An entropy weaver zombie (Depths:1)
  3 jumping spiders (shapeshifter)
  2 silent spectres
  7 red devils
  2 hydra zombies (Hell)
  55 guardian mummies
  2 spriggan druids
  3 wind drakes
  A tengu conjurer (Depths:1)
  A wolf spider simulacrum (D:15)
  36 merfolk
  A queen bee (Abyss:3)
  15 trolls
  6 jumping spiders (Zig:17)
  16 two-headed ogres
  Grinder (D:3)
  An ettin zombie (Crypt:3)
  A wind drake (shapeshifter) (Depths:1)
  A moth of wrath zombie (Crypt:1)
  11 polar bears
  37 ushabtiu
  19 blink frogs
  12 snapping turtles
  2 hydra skeletons
  A harpy skeleton (Crypt:2)
  A bog body (Zig:22)
  19 raiju
  A giant leech (shapeshifter) (Vaults:5)
  A giant leech (Zig:22)
  103 slime creatures
  7 boulder beetles
  A fire dragon zombie (Tomb:3)
  An ice dragon zombie (Crypt:1)
  12 air elementals
  4 elf skeletons
  18 redbacks
  51 flying skulls
  A spriggan (shapeshifter) (Vaults:3)
  52 starcursed masses
  2 spriggan skeletons
  10 shadows
  6 tarantellas
  2 hogs (Snake:3)
  A vampire (D:14)
  A redback (shapeshifter) (Vaults:4)
  17 wraiths
  A wind drake zombie (Crypt:3)
  12 ynoxinuls
  An ettin skeleton (Zig:8)
  A satyr skeleton (Crypt:3)
  A wyvern (shapeshifter) (Depths:2)
  4 wyverns
  A basilisk (shapeshifter) (Zig:3)
  12 humans (D:14)
  53 yaks
  A black mamba skeleton (Tomb:3)
  Sigmund (D:6)
  3 alligator skeletons
  3 fire bats (Depths:2)
  16 fire elementals
  9 golden eyes
  39 large abominations
  4 basilisks
  14 hippogriffs
  21 water elementals
  13 vampire mosquitoes
  14 chaos spawn
  7 neqoxecs
  9 hungry ghosts
  3 mottled dragons
  A glowing shapeshifter zombie (Crypt:2)
  10 swamp worms (Lair:4)
  2 swamp worms (shapeshifter)
  63 nagas
  A soldier ant (D:13)
  2 insubstantial wisps (Zig:15)
  5 spatial vortices (Abyss:1)
  2 soldier ants (shapeshifter)
  9 wargs
  A spectral spiny frog (Crypt:3)
  14 porcupines
  15 hell hounds
  A putrid demonspawn skeleton (Crypt:1)
  A spiny frog zombie (Hell)
  A hydra simulacrum (Abyss:1)
  18 water moccasins
  A faun skeleton (Crypt:2)
  Duvessa (D:5)
  4 ice beasts
  32 small abominations
  84 orc warriors
  3 swamp drakes (Zig:22)
  14 eyes of draining
  11 black bears
  26 wasps
  A blink frog zombie (Crypt:3)
  3 sky beasts
  3 boggarts (Depths:1)
  A necrophage (Crypt:1)
  41 ogres
  31 wolves
  13 crocodiles
  A snapping turtle skeleton (Hell)
  23 centaurs
  2 big kobolds (D:14)
  Blork the orc (D:6)
  11 elf zombies
  24 giant frogs
  7 earth elementals
  A komodo dragon skeleton (Crypt:2)
  2 human skeletons
  A wyvern skeleton (D:10)
  4 scorpions
  Dowan (D:5)
  26 killer bees
  18 wights
  3 electric eels (Elf:3)
  5 howler monkeys
  30 jellies
  11 crimson imps
  3 quasits
  A demonspawn zombie (Crypt:3)
  3 giant frog zombies
  A yaktaur simulacrum (Depths:1)
  5 hounds
  A two-headed ogre zombie (Crypt:2)
  A wyvern simulacrum (D:14)
  A human zombie (Hell)
  25 orc priests
  Crazy Yiuf (D:7)
  4 centaur skeletons
  2 giant frog skeletons
  An iron imp (Abyss:3)
  A two-headed ogre skeleton (Crypt:3)
  12 iguanas
  32 orc wizards
  15 hell rats
  10 worker ants
  2 basilisk skeletons
  A lightning spire (Zig:21)
  A killer bee zombie (D:7)
  20 sheep
  3 tengu zombies
  A big kobold zombie (Crypt:2)
  A mottled dragon skeleton (Crypt:3)
  55 mummies
  Robin (D:4)
  A worker ant zombie (D:6)
  A howler monkey zombie (D:7)
  A howler monkey skeleton (D:5)
  18 adders
  106 river rats
  A swamp drake skeleton (Crypt:1)
  8 shadow imps
  2 white imps
  An ooze (D:3)
  An ooze (shapeshifter) (Vaults:1)
  An adder skeleton (D:7)
  A worm (shapeshifter) (D:10)
  10 worms
  4 dart slugs
  5 giant geckos
  153 orcs
  A ball python (D:2)
  9 giant cockroaches
  11 goblins
  7 hobgoblins
  10 kobolds
  7 quokkas
  7 bats
  2 giant gecko skeletons
  4 giant newts
  A gnoll skeleton (Crypt:1)
  8 rats
  7 bushes
  2 crawling corpses (Zig:26)
  53 fire vortices
  5 fungi
  5 lost souls
  2 lurking horrors (Abyss:3)
  20 plants
  5 starspawn tentacles (WizLab)
  6 starspawn tentacle segments
  6 tentacles
  A withered plant (D:15)
4525 creatures vanquished.

Vanquished Creatures (collateral kills)
  3 greater mummies
  A Killer Klown (Zig:7)
  A caustic shrike (Depths:4)
  2 golden dragons
  A deep elf master archer (Zig:26)
  3 acid blobs
  An ancient champion (Crypt:3)
  A draconian monk (Zig:14)
  A shadow dragon (Vaults:5)
  A greater naga (Zig:25)
  A fire giant (Depths:3)
  A storm dragon (Vaults:5)
  An emperor scorpion (Zig:17)
  A ghost moth (Zig:17)
  An orc warlord (Vaults:5)
  A draconian shifter (Zig:14)
  A reaper (Hell)
  3 ironheart preservers
  A very ugly thing (Depths:5)
  A ghoul (Zig:16)
  3 stone giants
  A vampire knight (Crypt:1)
  An eidolon (Crypt:3)
  2 mummy priests (Tomb:3)
  A jiangshi (Zig:21)
  A great orb of eyes (Zig:23)
  A green death (Zig:22)
  An ice dragon (Depths:5)
  2 naga warriors
  A hydra (Zig:22)
  An alligator snapping turtle (shapeshifter) (Zig:7)
  An anaconda (Snake:4)
  A dancing weapon (Elf:2)
  A titan zombie (Zig:5)
  A thrashing horror (Abyss:3)
  3 hell knights (Depths:5)
  An iron troll (Depths:5)
  A flayed ghost (Crypt:3)
  5 sea snakes
  2 storm dragon skeletons
  An unseen horror (Vaults:2)
  A deep troll (Depths:5)
  2 harpies
  An orc knight (Vaults:1)
  2 necromancers
  3 griffons
  A hornet (Vaults:2)
  An ugly thing (Vaults:4)
  An iron dragon zombie (Hell)
  2 deep elf magi
  A sphinx skeleton (Zig:24)
  An orc sorcerer (Zig:12)
  A siren (Shoals:1)
  A guardian serpent (Snake:4)
  A vault sentinel (Vaults:1)
  An eye of devastation (Zig:23)
  A smoke demon (Abyss:3)
  A torpor snail (Zig:17)
  4 black mambas
  A spriggan skeleton (Zig:24)
  A spiny frog (Zig:22)
  A guardian mummy (Tomb:3)
  A jumping spider (Zig:17)
  A merfolk (shapeshifter) (Depths:1)
  A merfolk (Shoals:2)
  A troll (Vaults:3)
  2 two-headed ogres
  6 slime creatures
  An elf zombie (Zig:24)
  2 large abominations (Abyss:3)
  A shadow (Crypt:3)
  A redback (Vaults:4)
  3 water elementals
  3 golden eyes
  A small abomination (Abyss:3)
  3 nagas (Snake:4)
  A spatial vortex (Abyss:1)
  2 wargs
  2 orc warriors
  An eye of draining (Slime:6)
  5 ogres
  A swamp dragon skeleton (Crypt:3)
  An orc priest (Zig:12)
  6 jellies
  16 mummies
  A shadow imp (Abyss:3)
  A white imp (Abyss:3)
  7 orcs
  A plant (Shoals:1)
  A tentacle (Shoals:1)
161 creatures vanquished.

Vanquished Creatures (others)
  An orc warlord (Orc:1)
  4 fire giants (Zig:19)
  A green death (Zig:22)
  A centaur warrior (D:14)
  A death scarab (Tomb:2)
  A wizard (D:4)
  A cyclops (D:15)
  A guardian mummy (Zig:20)
  A boulder beetle (Zig:17)
  A flying skull (Tomb:2)
  6 humans
  An insubstantial wisp (Zig:22)
  A black bear (Lair:8)
  A hound (D:14)
  2 orc wizards (D:8)
  3 mummies
  A jackal zombie (D:7)
  2 bushes (Zig:22)
  A crawling corpse (Zig:26)
  7 demonic plants (WizLab)
  996 fire vortices
  37 fungi
  3 lost souls (Crypt:3)
  36 plants
  28 starspawn tentacles
  512 starspawn tentacle segments
  11 tentacles
  527 tentacle segments
2188 creatures vanquished.

Grand Total: 6874 creatures vanquished

Notes
Turn   | Place    | Note
--------------------------------------------------------------
     0 | D:1      | Yawgmoth the Gargoyle Earth Elementalist began the quest for the Orb.
     0 | D:1      | Reached XP level 1. HP: 10/10 MP: 3/3
   331 | D:1      | Reached XP level 2. HP: 15/15 MP: 1/5
   769 | D:1      | Reached skill level 4 in Earth Magic
  1153 | D:2      | Found an ancient bone altar of Kikubaaqudgha.
  1318 | D:2      | Reached XP level 3. HP: 19/19 MP: 4/7
  1706 | D:2      | Reached XP level 4. HP: 24/24 MP: 8/8
  2294 | D:3      | Reached skill level 5 in Earth Magic
  2544 | D:3      | Found a sacrificial altar of Ru.
  2555 | D:3      | Reached XP level 5. HP: 28/28 MP: 10/10
  2779 | D:3      | Noticed Grinder
  2788 | D:3      | Killed Grinder
  2788 | D:3      | Reached skill level 6 in Earth Magic
  2788 | D:3      | Reached XP level 6. HP: 16/32 MP: 2/13
  3787 | D:4      | Found a snail-covered altar of Cheibriados.
  4034 | D:4      | Found a bloodstained altar of Trog.
  4036 | D:4      | Noticed a wizard
  4040 | D:4      | Killed a wizard
  4281 | D:4      | Reached skill level 7 in Earth Magic
  4281 | D:4      | Reached XP level 7. HP: 29/36 MP: 14/14
  4349 | D:4      | Reached skill level 5 in Spellcasting
  4429 | D:4      | Noticed Robin
  4442 | D:4      | Killed Robin
  4972 | D:5      | Entered Level 5 of the Dungeon
  5199 | D:5      | Learned a level 3 spell: Stone Arrow
  5201 | D:5      | Learned a level 1 spell: Apportation
  5207 | D:5      | Learned a level 5 spell: Lee's Rapid Deconstruction
  5210 | D:5      | Learned a level 2 spell: Passwall
  5215 | D:5      | Learned a level 4 spell: Passage of Golubria
  5263 | D:5      | Noticed Dowan
  5267 | D:5      | Noticed Duvessa
  5269 | D:5      | Killed Dowan
  5311 | D:5      | Killed Duvessa
  5313 | D:5      | Reached skill level 8 in Earth Magic
  5583 | D:5      | Reached XP level 8. HP: 41/41 MP: 17/17
  5902 | D:6      | Noticed Sigmund
  6198 | D:6      | Killed Sigmund
  6203 | D:6      | Reached skill level 1 in Fighting
  6203 | D:6      | Reached skill level 1 in Armour
  6203 | D:6      | Reached skill level 1 in Conjurations
  6205 | D:6      | Reached skill level 1 in Translocations
  6374 | D:6      | Noticed Blork the orc
  6381 | D:6      | Killed Blork the orc
  6579 | D:6      | Found Fosatuh's Antique Weapon Boutique.
  6589 | D:6      | Bought an iridescent short sword for 176 gold pieces
  6589 | D:6      | Identified the +8 short sword of the Two Names {freeze, Fragile +Rage MR+ Dex+5} (You bought it in a shop on level 6 of the Dungeon)
  6740 | D:6      | Found a glowing golden altar of the Shining One.
  7398 | D:7      | Reached XP level 9. HP: 49/49 MP: 12/18
  7404 | D:7      | Reached skill level 9 in Earth Magic
  7807 | D:7      | Found a white marble altar of Elyvilon.
  7830 | D:7      | Noticed Crazy Yiuf
  7833 | D:7      | Killed Crazy Yiuf
  8008 | D:7      | Learned a level 2 spell: Blink
  8047 | D:7      | Found a staircase to the Ecumenical Temple.
  8056 | Temple   | Entered the Ecumenical Temple
  8704 | D:8      | Reached skill level 1 in Staves
  8773 | D:8      | Found a sparkling altar of Nemelex Xobeh.
  8861 | D:8      | Found a glowing silver altar of Zin.
  8921 | D:8      | Found a radiant altar of Vehumet.
  9069 | D:8      | Became a worshipper of Vehumet
  9242 | D:9      | Found a blossoming altar of Fedhas.
  9420 | D:9      | Noticed a death yak
  9538 | D:9      | Reached XP level 10. HP: 54/58 MP: 20/20
  9799 | D:9      | Found a staircase to the Lair.
  9852 | D:9      | Reached skill level 10 in Earth Magic
  9887 | D:9      | Killed a death yak
  9887 | D:9      | Reached skill level 5 in Armour
 10233 | D:9      | Reached skill level 5 in Fighting
 10239 | D:9      | Reached skill level 5 in Conjurations
 10359 | D:9      | Reached * piety under Vehumet
 10359 | D:9      | Offered knowledge of Flame Tongue by Vehumet.
 10730 | D:10     | Entered Level 10 of the Dungeon
 10847 | Lair:1   | Entered Level 1 of the Lair of Beasts
 10950 | Lair:1   | Noticed a black mamba
 10956 | Lair:1   | Killed a black mamba
 11257 | Lair:1   | Reached skill level 1 in Evocations
 11257 | Lair:1   | Reached XP level 11. HP: 64/64 MP: 23/23
 11311 | Lair:1   | Reached ** piety under Vehumet
 11311 | Lair:1   | Offered knowledge of Magic Dart by Vehumet.
 12028 | Lair:1   | Reached skill level 5 in Translocations
 12237 | Lair:2   | Noticed Nergalle
 12499 | Lair:1   | Killed Nergalle
 12511 | Lair:1   | Offered knowledge of Mephitic Cloud by Vehumet.
 12613 | Lair:2   | Reached skill level 11 in Earth Magic
 12876 | Lair:2   | Noticed a wolf spider
 12876 | Lair:2   | Reached *** piety under Vehumet
 12881 | Lair:2   | Killed a wolf spider
 12881 | Lair:2   | Reached skill level 5 in Staves
 13072 | Lair:2   | Reached XP level 12. HP: 67/71 MP: 24/24
 13485 | Lair:2   | Offered knowledge of Iskenderun's Mystic Blast by Vehumet.
 13923 | Lair:3   | Noticed Snorg
 13987 | Lair:3   | Found a staircase to the Snake Pit.
 14291 | Lair:3   | Killed Snorg
 14353 | Lair:3   | Reached **** piety under Vehumet
 14526 | Lair:3   | Noticed Rupert
 14557 | Lair:2   | Offered knowledge of Venom Bolt by Vehumet.
 14823 | Lair:3   | Noticed Fannar
 15123 | Lair:2   | Killed Fannar
 15296 | Lair:3   | Killed Rupert
 15296 | Lair:3   | Reached skill level 12 in Earth Magic
 15296 | Lair:3   | Reached XP level 13. HP: 76/78 MP: 6/26
 16761 | Lair:4   | Reached ***** piety under Vehumet
 16851 | Lair:4   | Got a twisted war axe
 16945 | Lair:4   | Identified the +8 war axe of Icsibay {venom, MR+ Str-2 SInv} (You found it on level 4 of the Lair of Beasts)
 16986 | Lair:4   | Reached skill level 5 in Evocations
 17635 | Lair:4   | Reached skill level 10 in Spellcasting
 17890 | Lair:4   | Offered knowledge of Bolt of Magma by Vehumet.
 17897 | Lair:4   | Learned a level 5 spell: Bolt of Magma
 17910 | Lair:4   | Reached skill level 1 in Fire Magic
 20413 | Lair:6   | Learned a level 5 spell: Fireball
 20445 | Lair:6   | Reached skill level 5 in Fire Magic
 20795 | Lair:6   | Gained mutation: Your large and strong wings let you fly indefinitely. [Gargoyle growth]
 20795 | Lair:6   | Reached XP level 14. HP: 86/86 MP: 28/28
 21921 | Lair:6   | Found a staircase to the Shoals.
 22491 | Lair:7   | Found a shadowy altar of Dithmenos.
 22929 | Lair:7   | Found a staircase to the Slime Pits.
 22929 | Lair:7   | Found a viscous altar of Jiyva.
 23020 | Lair:7   | Offered knowledge of Lightning Bolt by Vehumet.
 23665 | Lair:8   | Entered Level 8 of the Lair of Beasts
 24652 | Lair:8   | Reached skill level 10 in Fighting
 26490 | Lair:8   | Reached XP level 15. HP: 83/92 MP: 30/30
 27236 | D:10     | Noticed Maurice
 27239 | D:10     | Killed Maurice
 27240 | D:10     | Reached ****** piety under Vehumet
 27333 | D:10     | Reached skill level 13 in Earth Magic
 28095 | D:11     | Got a scorched leather armour
 28096 | D:11     | Identified the +1 leather armour of the Falcon {rN+ Str+3 Int+3 Dex+4} (You found it on level 11 of the Dungeon)
 28146 | D:11     | Found a bloodstained altar of Trog.
 28162 | D:11     | Offered knowledge of Freezing Cloud by Vehumet.
 29112 | D:12     | Noticed Azrael
 29139 | D:12     | Killed Azrael
 29502 | D:12     | Found a roughly hewn altar of Beogh.
 29502 | D:12     | Found a staircase to the Orcish Mines.
 30968 | D:13     | Offered knowledge of Irradiate by Vehumet.
 31757 | D:13     | Found a shadowy altar of Dithmenos.
 31869 | D:13     | Got a fine steel ring
 31871 | D:13     | Identified the ring of Xom's Wantonness {rF- rN++ MP+9 Dex+6} (You found it on level 13 of the Dungeon)
 32630 | D:14     | Found a gate to the Vaults.
 32779 | D:14     | Noticed Frances
 32790 | D:14     | Gained mutation: Your spells are a little easier to cast, but a little less powerful. [a neqoxec]
 32794 | D:14     | Gained mutation: You are weak. (Str -2) [a neqoxec]
 32798 | D:14     | Killed Frances
 32798 | D:14     | Reached skill level 10 in Conjurations
 32854 | D:14     | Reached XP level 16. HP: 84/100 MP: 18/32
 32995 | D:14     | Offered knowledge of Delayed Fireball by Vehumet.
 33007 | D:14     | Learned a level 7 spell: Delayed Fireball
 33317 | D:14     | Noticed a storm dragon
 33379 | D:14     | Found a runed gate.
 33379 | D:14     | Found a runed gate.
 33379 | D:14     | Found a runed gate.
 33409 | D:14     | Found a runed gate.
 33409 | D:14     | Found a runed gate.
 33409 | D:14     | Found a runed gate.
 33431 | D:14     | Paralysed by a great orb of eyes for 7 turns
 33834 | D:14     | Found Oboff's General Store.
 34215 | D:14     | Found a blossoming altar of Fedhas.
 34699 | D:15     | Entered Level 15 of the Dungeon
 36549 | D:15     | Found a staircase to the Depths.
 37695 | Shoals:1 | Entered Level 1 of the Shoals
 38085 | Orc:1    | Entered Level 1 of the Orcish Mines
 38330 | Orc:1    | Reached skill level 10 in Staves
 38336 | Orc:1    | Offered knowledge of Bolt of Cold by Vehumet.
 38749 | Orc:1    | Found a shimmering altar of Xom.
 38867 | Orc:2    | Entered Level 2 of the Orcish Mines
 38867 | Orc:2    | Found a staircase to the Elven Halls.
 39075 | Orc:2    | Noticed Saint Roka
 39624 | Orc:2    | Reached skill level 1 in Shields
 40045 | Orc:2    | Killed Saint Roka
 40223 | Orc:2    | Found a roughly hewn altar of Beogh.
 40224 | Orc:2    | Found Posit's Jewellery Shop.
 40353 | Orc:2    | Found a roughly hewn altar of Beogh.
 40711 | Orc:2    | Reached skill level 10 in Fire Magic
 40717 | Orc:2    | Offered knowledge of Bolt of Fire by Vehumet.
 40724 | Orc:2    | Found Fogaew's Antique Weapon Shop.
 40725 | Orc:2    | Found a roughly hewn altar of Beogh.
 40876 | Orc:2    | Found Romuysipt's Antique Armour Boutique.
 41449 | Orc:2    | Found a roughly hewn altar of Beogh.
 41455 | Orc:2    | Found Puhosuys's Gadget Shoppe.
 41509 | Orc:2    | Reached XP level 17. HP: 106/106 MP: 33/33
 41516 | Orc:2    | Found a roughly hewn altar of Beogh.
 41873 | Elf:1    | Entered Level 1 of the Elven Halls
 42773 | Elf:1    | Learned a level 1 spell: Animate Skeleton
 42967 | Elf:1    | Reached skill level 10 in Armour
 43235 | Elf:1    | Identified the Catalogue of Dark Magic
 44631 | Elf:2    | Found an ancient bone altar of Kikubaaqudgha.
 44770 | Elf:2    | Found Xecs's Jewellery Shop.
 44784 | Elf:2    | Bought an uncursed amulet of the gourmand for 510 gold pieces
 44826 | Elf:2    | Found a runed door.
 44849 | Elf:2    | Found a runed door.
 45274 | Elf:2    | Noticed Wiglaf
 45283 | Elf:2    | Killed Wiglaf
 45643 | Elf:2    | Reached skill level 5 in Dodging
 46539 | Elf:2    | Reached skill level 14 in Earth Magic
 46795 | Elf:3    | Entered Level 3 of the Elven Halls
 46815 | Elf:3    | Reached XP level 18. HP: 76/113 MP: 34/34
 46868 | Elf:3    | Found a magical portal.
 46875 | WizLab   | Entered Lehudib's Moon Base
 47550 | WizLab   | Reached skill level 5 in Shields
 47777 | WizLab   | Noticed a quicksilver dragon
 47787 | WizLab   | Killed a quicksilver dragon
 48063 | WizLab   | Noticed a quicksilver dragon
 48065 | WizLab   | Killed a quicksilver dragon
 48553 | WizLab   | Learned a level 1 spell: Summon Butterflies
 49008 | WizLab   | Noticed a quicksilver dragon
 49016 | WizLab   | Killed a quicksilver dragon
 49026 | WizLab   | Paralysed by a great orb of eyes for 4 turns
 49524 | WizLab   | Noticed a moon troll
 49546 | WizLab   | Killed a moon troll
 49745 | WizLab   | Identified Lehudib's Catalogue of the Onion (You found it in a wizard's laboratory)
 49857 | WizLab   | Got a steaming plate armour
 49862 | WizLab   | Got a bloodstained hand axe
 49868 | WizLab   | Identified the cursed +1 hand axe of the Doomed Warrior {drain, *Contam rElec rC+ MP+9} (You found it in a wizard's laboratory)
 49926 | WizLab   | Gained mutation: Your body sometimes deteriorates upon taking damage. [mutagenic glow]
 49939 | WizLab   | Identified the +7 plate armour of Amelioration {MR+ Stlth+} (You found it in a wizard's laboratory)
 50642 | Elf:3    | Found Puischiv's General Store.
 50645 | Elf:3    | Bought a scroll of amnesia for 59 gold pieces
 50645 | Elf:3    | Bought a scroll of brand weapon for 340 gold pieces
 51742 | Lair:2   | Learned a level 6 spell: Iron Shot
 51761 | Lair:2   | Lost mutation: You are weak. (Str -2) [potion of cure mutation]
 51761 | Lair:2   | Lost mutation: Your spells are a little easier to cast, but a little less powerful. [potion of cure mutation]
 51761 | Lair:2   | Lost mutation: Your body sometimes deteriorates upon taking damage. [potion of cure mutation]
 51762 | Lair:2   | Gained mutation: Your spells are a little harder to cast, but a little more powerful. [potion of beneficial mutation]
 51812 | Lair:2   | Identified 2 scrolls of acquirement
 52469 | Shoals:1 | Reached XP level 19. HP: 119/119 MP: 23/36
 53507 | Shoals:1 | Offered knowledge of Fire Storm by Vehumet.
 53507 | Shoals:1 | Offered knowledge of Shatter by Vehumet.
 53507 | Shoals:1 | Offered knowledge of Tornado by Vehumet.
 53684 | Shoals:2 | Noticed Roxanne
 53688 | Shoals:2 | Killed Roxanne
 53691 | Shoals:2 | Identified Roxanne's Handbook of Transmutation and Venom (You took it off Roxanne on level 2 of the Shoals)
 54688 | Shoals:3 | Found Erefuic's Magic Scroll Shop.
 54701 | Shoals:3 | Bought a scroll of identify for 24 gold pieces
 54701 | Shoals:3 | Bought a scroll of identify for 24 gold pieces
 54701 | Shoals:3 | Bought a scroll of identify for 24 gold pieces
 54701 | Shoals:3 | Bought a scroll of identify for 24 gold pieces
 54701 | Shoals:3 | Bought a scroll of enchant armour for 90 gold pieces
 55198 | Shoals:3 | Reached skill level 15 in Earth Magic
 55225 | Shoals:3 | Gained mutation: Your mind is acute. (Int +2) [potion of beneficial mutation]
 55751 | Shoals:4 | Entered Level 4 of the Shoals
 55772 | Shoals:4 | Noticed Ilsuiw
 55913 | Shoals:4 | Killed Ilsuiw
 56813 | Shoals:4 | Got a barnacled rune of Zot
 56904 | Shoals:4 | Identified a +4 rod of ignition (12/12) (You found it on level 1 of the Shoals)
 56905 | Shoals:4 | Identified a +2 rod of clouds (13/13) (You found it on level 4 of the Shoals)
 57700 | Shoals:4 | Reached XP level 20. HP: 123/126 MP: 37/37
 58464 | Lair:2   | Learned a level 9 spell: Shatter
 58560 | Snake:1  | Entered Level 1 of the Snake Pit
 58673 | Snake:1  | Found a bloodstained altar of Trog.
 59850 | Snake:2  | Noticed Aizul
 59855 | Snake:2  | Killed Aizul
 60223 | Snake:2  | Found Wuklaaqu's Magic Scroll Shop.
 60228 | Snake:2  | Bought a scroll of identify for 34 gold pieces
 60228 | Snake:2  | Bought a scroll of enchant weapon for 127 gold pieces
 60228 | Snake:2  | Bought a scroll of identify for 34 gold pieces
 60228 | Snake:2  | Bought a scroll of enchant armour for 127 gold pieces
 60228 | Snake:2  | Bought 3 scrolls of blinking for 382 gold pieces
 60241 | Snake:2  | Reached skill level 16 in Earth Magic
 60364 | Snake:2  | Reached skill level 10 in Dodging
 61025 | Snake:2  | Reached skill level 10 in Evocations
 61382 | Snake:3  | Noticed Kirke
 61385 | Snake:3  | Killed Kirke
 61441 | Snake:3  | Noticed Vashnia
 61748 | Snake:3  | Noticed Louise
 61767 | Snake:3  | Killed Louise
 61784 | Snake:3  | Killed Vashnia
 63322 | Snake:4  | Entered Level 4 of the Snake Pit
 63369 | Snake:4  | Noticed Nikola
 63375 | Snake:4  | Killed Nikola
 63703 | Snake:4  | Reached XP level 21. HP: 130/132 MP: 39/39
 64696 | Snake:4  | Gained mutation: You evolve. [potion of beneficial mutation]
 64951 | Snake:4  | Got a serpentine rune of Zot
 64958 | Snake:4  | Got a warped plate armour
 65004 | Snake:4  | Identified the +6 plate armour "Woreon" {MP-9 Str+6} (You found it on level 4 of the Snake Pit)
 65459 | Vaults:1 | Entered Level 1 of the Vaults
 65513 | Vaults:1 | Reached skill level 17 in Earth Magic
 66415 | Vaults:1 | Noticed Jorgrun
 66424 | Vaults:1 | Killed Jorgrun
 67281 | Vaults:2 | Reached skill level 15 in Spellcasting
 67399 | Vaults:2 | Reached XP level 22. HP: 138/138 MP: 41/41
 68310 | Vaults:2 | Found a staircase to the Crypt.
 68310 | Vaults:2 | Found a basalt altar of Yredelemnul.
 68311 | Vaults:2 | Found an ancient bone altar of Kikubaaqudgha.
 68805 | Vaults:3 | Reached skill level 15 in Fighting
 69570 | Vaults:3 | Gained mutation: You have a pair of small horns on your head. [evolution]
 69731 | Vaults:3 | Reached skill level 18 in Earth Magic
 69770 | Vaults:3 | Learned a level 9 spell: Fire Storm
 71225 | Vaults:4 | Reached skill level 15 in Conjurations
 71262 | Vaults:4 | Reached XP level 23. HP: 131/145 MP: 0/42
 71682 | Vaults:4 | Found Fanuyc's Distillery.
 71685 | Vaults:4 | Bought 2 potions of brilliance for 184 gold pieces
 71685 | Vaults:4 | Bought a potion of haste for 230 gold pieces
 72727 | Vaults:4 | Noticed Sojobo
 72732 | Vaults:4 | Killed Sojobo
 73373 | Lair:2   | Gained mutation: You are partially covered in molten scales (AC +1). [evolution]
 73661 | Elf:2    | Bought an uncursed ring of wizardry for 510 gold pieces
 73966 | Elf:3    | Got an iridescent halberd {speed}
 73971 | Elf:3    | Identified the +12 halberd of Ykarid {speed, rC+ MR+ Str+4} (You took it off a deep elf mage on level 3 of the Elven Halls)
 74070 | Elf:3    | Reached skill level 19 in Earth Magic
 74073 | Elf:3    | Reached skill level 15 in Fire Magic
 74187 | Elf:3    | Got a crystal long sword {freeze}
 74260 | Elf:3    | Got an iridescent spear
 74398 | Elf:3    | Got a transparent fire dragon armour
 74429 | Elf:3    | Got a heavy robe
 74445 | Elf:3    | Identified the cursed +0 robe of Hedonism {*Drain rElec MP+9} (You found it on level 3 of the Elven Halls)
 74450 | Elf:3    | Identified the +6 long sword "Jeiliute" {freeze, +Rage Dex+3 SInv} (You took it off a deep elf annihilator on level 3 of the Elven Halls)
 74451 | Elf:3    | Identified the +7 spear of Eternity {pierce, Int+2} (You found it on level 3 of the Elven Halls)
 75078 | Lair:2   | Identified the +8 fire dragon armour of Protective Custody {rElec rF++ rC- MR- Slay+5} (You found it on level 3 of the Elven Halls)
 75734 | Elf:3    | Got a slimy scale mail
 75766 | Elf:3    | Identified the Handbook of Displacement (You found it on level 3 of the Elven Halls)
 75771 | Elf:3    | Got an ancient spear
 75811 | Elf:3    | Reached XP level 24. HP: 145/154 MP: 43/43
 75843 | Elf:3    | Identified the +1 spear "Sucsaw" {flame, -Tele rN+ Str+3} (You found it on level 3 of the Elven Halls)
 76174 | Lair:2   | Identified the +3 scale mail "Muisch" {Str+3 Int-4 Dex+2} (You found it on level 3 of the Elven Halls)
 76379 | Depths:1 | Entered Level 1 of the Depths
 76545 | Depths:1 | Found a gateway to a ziggurat.
 77646 | Depths:1 | Found a gateway to Hell.
 77940 | Depths:1 | Found a one-way gate leading to the halls of Pandemonium.
 79356 | Depths:2 | Reached skill level 20 in Earth Magic
 79718 | Depths:2 | Got an uncursed warped war axe {holy}
 79945 | Depths:2 | Found a one-way gate to the infinite horrors of the Abyss.
 80174 | Depths:3 | Noticed Mara
 80176 | Depths:3 | Killed Mara
 80176 | Depths:3 | Reached XP level 25. HP: 150/160 MP: 38/44
 80943 | Depths:3 | Found a portal to a secret trove of treasure.
 82564 | Depths:4 | Noticed a juggernaut
 82567 | Depths:4 | Reached skill level 21 in Earth Magic
 82826 | Depths:4 | Reached XP level 26. HP: 168/168 MP: 13/44
 83009 | Depths:4 | Killed a juggernaut
 83532 | Depths:4 | Got a jewelled war axe {venom}
 83823 | Depths:4 | Upgraded the game from 0.18-a0-1643-gb89d9db to 0.18-a0-1649-g8d9735b
 83940 | Depths:4 | Noticed Jory
 83947 | Depths:4 | Killed Jory
 84320 | Lair:2   | Identified the +1 war axe of Itroil {venom, *Drain rN+ Dex+2} (You took it off a necromancer on level 4 of the Depths)
 84321 | Lair:2   | Identified the +9 war axe of Jodghi {holy, Dex+4} (You took it off a centaur on level 2 of the Depths)
 84974 | Depths:5 | Entered Level 5 of the Depths
 86041 | Depths:5 | Found a gate to the Realm of Zot.
 87039 | Crypt:1  | Entered Level 1 of the Crypt
 87317 | Crypt:1  | Reached XP level 27. HP: 175/175 MP: 38/45
 88733 | Crypt:3  | Entered Level 3 of the Crypt
 89201 | Crypt:3  | Found a staircase to the Tomb.
 89539 | Crypt:3  | Reached skill level 22 in Earth Magic
 89741 | Crypt:3  | Found a basalt altar of Yredelemnul.
 90036 | Crypt:3  | Identified the Incunabulum of the Engineer
 91055 | Hell     | Entered the Vestibule of Hell
 91055 | Hell     | Noticed Geryon
 91060 | Hell     | Killed Geryon
 92958 | Hell     | Learned a level 3 spell: Regeneration
 92974 | Hell     | Learned a level 8 spell: Lehudib's Crystal Spear
 92983 | Hell     | Learned a level 6 spell: Haste
 93029 | Hell     | Found a gateway to the Iron City of Dis.
 93274 | Orc:2    | Bought an uncursed ring of resist corrosion for 320 gold pieces
 93609 | Vaults:4 | Reached skill level 1 in Charms
 93709 | Vaults:5 | Entered Level 5 of the Vaults
 93740 | Vaults:5 | Noticed an ancient lich
 93742 | Vaults:5 | Killed an ancient lich
 93763 | Vaults:5 | Reached skill level 5 in Charms
 94011 | Vaults:5 | Got a wavering golden ring
 94040 | Vaults:5 | Got a twisted mace
 94272 | Vaults:5 | Got a heavily runed leather armour
 94284 | Vaults:5 | Identified the +1 leather armour of Brilliance {rF++ MR+++ Str-3 SInv} (You found it on level 5 of the Vaults)
 94721 | Vaults:5 | Got a silver rune of Zot
 94905 | Vaults:5 | Identified the ring of Orthodoxy {rElec MP-9 AC+6 Str+5 Int+2} (You took it off an ironheart preserver on level 5 of the Vaults)
 94906 | Vaults:5 | Identified the +6 mace of Courage {venom, rElec} (You found it on level 5 of the Vaults)
 95136 | Vaults:5 | Got a bone scimitar {antimagic}
 95467 | Vaults:3 | Identified the +12 scimitar "Udodoeko" {antimagic, Dex+6} (You took it off a vault warden on level 5 of the Vaults)
 96051 | Hell     | Learned a level 2 spell: Repel Missiles
 96122 | Depths:2 | Voluntarily entered the Abyss.
 96122 | Abyss:1  | Found a corrupted altar of Lugonu.
 96124 | Abyss:1  | Got a jewelled leather armour
 96209 | Abyss:1  | Identified the +3 leather armour of the Gusle {rF+ Str+5 Slay-5} (You found it on level 1 of the Abyss)
 96897 | Abyss:1  | Paralysed by accursed screaming for 1 turns
 97104 | Abyss:3  | Found a radiant altar of Vehumet.
 97348 | Abyss:3  | Found a bloodstained altar of Trog.
 97781 | Abyss:3  | Gained mutation: Your body sometimes deteriorates upon taking damage. [a neqoxec]
 97953 | Abyss:3  | Reached skill level 23 in Earth Magic
 98030 | Abyss:3  | Found a corrupted altar of Lugonu.
 98279 | Abyss:3  | Got an abyssal rune of Zot
 98297 | Depths:2 | Escaped the Abyss
 98378 | Depths:3 | You showed the abyssal rune of Zot to enter a treasure trove
 98379 | Trove    | Entered a treasure trove
 98389 | Trove    | Got a pair of jewelled gloves
 98404 | Trove    | Got a steaming bone ring
 98426 | Trove    | Got a polished dagger
 98569 | Hell     | Identified the +2 pair of gloves "Basajoru" {rC+ Regen+ Int+2} (You found it in a treasure trove)
 98596 | Hell     | Identified the +8 dagger "Paodutuc" {pierce, -Tele rElec rC+++ MR-} (You found it in a treasure trove)
 98602 | Hell     | Identified the ring of Dishonour {SustAt MP+9 Str-2 Dex+7 Stlth+} (You found it in a treasure trove)
 99432 | Slime:1  | Entered Level 1 of the Pits of Slime
 99625 | Slime:5  | Noticed Donald
 99625 | Slime:5  | Killed Donald
 99656 | Slime:6  | Entered Level 6 of the Pits of Slime
 99734 | Slime:6  | Noticed the Royal Jelly
 99737 | Slime:6  | Killed the Royal Jelly
 99836 | Slime:6  | Got a warped scythe
 99873 | Slime:6  | Got a distressingly furry chain mail
 99890 | Slime:6  | Got a translucent short sword
 99914 | Slime:6  | Got a pitted demon whip
 99936 | Slime:6  | Got a slimy rune of Zot
 99954 | Slime:6  | Got a transparent lajatang
100031 | Slime:6  | Got a translucent great sword
100156 | Lair:6   | Identified the +2 scythe of the Heavens {slice, +Fly rC+} (You found it on level 6 of the Pits of Slime)
100162 | Lair:6   | Identified the +9 short sword "Udagg" {pierce, rF+++ Str+4 Dex-2 Stlth-} (You found it on level 6 of the Pits of Slime)
100164 | Lair:6   | Identified the +2 great sword of Pihehar {holy, *Corrode rPois Str+3} (You found it on level 6 of the Pits of Slime)
100168 | Lair:6   | Identified the +5 demon whip of Dissatisfaction {venom, +Inv Dex+2} (You found it on level 6 of the Pits of Slime)
100172 | Lair:6   | Identified the cursed +0 lajatang of Vieplix {pain, Dex+4 SInv} (You found it on level 6 of the Pits of Slime)
100444 | Depths:1 | Identified the +8 chain mail "Enkinwy" {+Fly rC+ MP-9 Int+4} (You found it on level 6 of the Pits of Slime)
101025 | Depths:1 | Lost mutation: Your spells are a little harder to cast, but a little more powerful. [evolution]
101270 | Tomb:1   | Entered Level 1 of the Tomb of the Ancients
101464 | Tomb:1   | Noticed a greater mummy
101467 | Tomb:1   | Killed a greater mummy
101468 | Tomb:1   | Noticed a greater mummy
101512 | Tomb:1   | Noticed an ancient lich
101515 | Tomb:1   | Killed an ancient lich
101696 | Tomb:1   | Noticed a greater mummy
101698 | Tomb:1   | Noticed a greater mummy
101698 | Tomb:1   | Killed a greater mummy
101700 | Tomb:1   | Killed a greater mummy
101704 | Tomb:1   | Noticed a greater mummy
101708 | Tomb:1   | Killed a greater mummy
101709 | Tomb:1   | Noticed a greater mummy
101718 | Tomb:1   | Killed a greater mummy
101801 | Tomb:1   | Noticed a greater mummy
101802 | Tomb:1   | Killed a greater mummy
101816 | Tomb:1   | Noticed a greater mummy
101819 | Tomb:1   | Killed a greater mummy
101824 | Tomb:1   | Noticed a greater mummy
101827 | Tomb:1   | Killed a greater mummy
101941 | Tomb:1   | Noticed a greater mummy
101945 | Tomb:1   | Killed a greater mummy
101974 | Tomb:1   | Noticed a greater mummy
101978 | Tomb:1   | Killed a greater mummy
101982 | Tomb:1   | Killed a greater mummy
102510 | Tomb:2   | Noticed a greater mummy
102521 | Tomb:2   | Killed a greater mummy
102530 | Tomb:2   | Noticed a greater mummy
102537 | Tomb:2   | Killed a greater mummy
102547 | Tomb:2   | Reached skill level 15 in Armour
102552 | Tomb:2   | Noticed a greater mummy
102706 | Tomb:2   | Noticed a greater mummy
102709 | Tomb:2   | Killed a greater mummy
102710 | Tomb:2   | Killed a greater mummy
103314 | Tomb:2   | Gained mutation: Scrolls take you a little longer to read. [mutagenic glow]
103317 | Tomb:3   | Entered Level 3 of the Tomb of the Ancients
103321 | Tomb:3   | Reached skill level 15 in Evocations
103364 | Tomb:3   | Gained mutation: You are weak. (Str -2) [mutagenic glow]
103378 | Tomb:3   | Noticed an ancient lich
103380 | Tomb:3   | Noticed a greater mummy
103380 | Tomb:3   | Noticed an ancient lich
103380 | Tomb:3   | Killed an ancient lich
103380 | Tomb:3   | Killed an ancient lich
103381 | Tomb:3   | Killed a greater mummy
103383 | Tomb:3   | Noticed a greater mummy
103386 | Tomb:3   | Killed a greater mummy
103387 | Tomb:3   | Noticed a greater mummy
103449 | Tomb:2   | Gained mutation: Scrolls take you longer to read. [mutagenic glow]
103625 | Tomb:3   | Killed a greater mummy
103628 | Tomb:3   | Noticed a greater mummy
103630 | Tomb:3   | Killed a greater mummy
103633 | Tomb:3   | Noticed a greater mummy
103635 | Tomb:3   | Killed a greater mummy
103640 | Tomb:3   | Noticed a greater mummy
103642 | Tomb:3   | Killed a greater mummy
103664 | Tomb:3   | Noticed Khufu
103795 | Tomb:3   | Killed Khufu
104072 | Tomb:3   | Got a crude shortbow
104169 | Tomb:3   | Got a sparkling pewter amulet
104206 | Tomb:3   | Identified the amulet "Ighuev" {*Contam +Rage rN++} (You found it on level 3 of the Tomb of the Ancients)
104267 | Tomb:3   | Got a transparent long sword
104274 | Tomb:3   | Got an ichor-stained chain mail
104439 | Tomb:3   | Got a golden rune of Zot
104875 | Hell     | Identified the +1 long sword of Fevoebb {flame, MR+ Dex+5} (You found it on level 3 of the Tomb of the Ancients)
104887 | Hell     | Identified the +1 chain mail of the New World {rC+ Str+4 Dex+7} (You found it on level 3 of the Tomb of the Ancients)
105174 | Vaults:4 | Bought a potion of curing for 69 gold pieces
105174 | Vaults:4 | Bought 2 potions of cure mutation for 1150 gold pieces
105174 | Vaults:4 | Bought a potion of curing for 69 gold pieces
105174 | Vaults:4 | Bought a potion of curing for 69 gold pieces
105381 | Depths:1 | Gained mutation: You can translocate small distances at will. [evolution]
105441 | Hell     | Lost mutation: Scrolls take you longer to read. [potion of cure mutation]
105441 | Hell     | Lost mutation: Your mind is acute. (Int +2) [potion of cure mutation]
105441 | Hell     | Lost mutation: Scrolls take you a little longer to read. [potion of cure mutation]
105441 | Hell     | Lost mutation: You evolve. [potion of cure mutation]
105442 | Hell     | Lost mutation: You can translocate small distances at will. [potion of cure mutation]
105442 | Hell     | Lost mutation: Your body sometimes deteriorates upon taking damage. [potion of cure mutation]
105442 | Hell     | Lost mutation: You are partially covered in molten scales (AC +1). [potion of cure mutation]
105442 | Hell     | Lost mutation: You have a pair of small horns on your head. [potion of cure mutation]
105643 | Zig:1    | Entered Level 1 of a ziggurat
105648 | Zig:1    | Reached skill level 10 in Charms
105671 | Zig:2    | Entered Level 2 of a ziggurat
105705 | Zig:3    | Entered Level 3 of a ziggurat
105749 | Zig:4    | Entered Level 4 of a ziggurat
105754 | Zig:4    | Reached skill level 24 in Earth Magic
105771 | Zig:4    | Got a transparent chain mail
105784 | Zig:4    | Identified the +1 chain mail "Wogamib" {Int+3} (You found it on level 4 of a ziggurat)
105970 | Zig:5    | Entered Level 5 of a ziggurat
106006 | Zig:5    | Got a polished long sword
106014 | Zig:5    | Identified the +10 long sword of the Asp {slice, rPois rN+ Int+6} (You found it on level 5 of a ziggurat)
106103 | Zig:6    | Entered Level 6 of a ziggurat
106263 | Zig:6    | Got a jewelled long sword
106281 | Zig:7    | Entered Level 7 of a ziggurat
106296 | Zig:7    | Noticed Ippu the pandemonium lord
106301 | Zig:7    | Killed Ippu the pandemonium lord
106470 | Zig:7    | Got a slimy ring mail
106474 | Zig:7    | Identified the +2 ring mail of Protective Custody {rF+ MR+ Int+2} (You found it on level 7 of a ziggurat)
106486 | Zig:8    | Entered Level 8 of a ziggurat
106547 | Zig:8    | Got a dazzling dagger
106559 | Zig:8    | Identified the cursed +1 dagger "Ucsos" {venom, rElec rN+} (You found it on level 8 of a ziggurat)
106562 | Zig:8    | Identified the +10 long sword "Imavuez" {speed, rF+++ rC+ Str+3 Dex-4} (You found it on level 6 of a ziggurat)
106627 | Zig:9    | Entered Level 9 of a ziggurat
106637 | Zig:9    | Noticed an ancient lich
106641 | Zig:9    | Killed an ancient lich
106642 | Zig:9    | Killed an ancient lich
106791 | Zig:10   | Entered Level 10 of a ziggurat
106800 | Zig:10   | Noticed an ancient lich
106805 | Zig:10   | Killed an ancient lich
107012 | Zig:10   | Identified the Collected Works on Aerial Shape Shifting (You found it on level 10 of a ziggurat)
107032 | Zig:11   | Entered Level 11 of a ziggurat
107055 | Zig:11   | Noticed an ancient lich
107057 | Zig:11   | Killed an ancient lich
107074 | Zig:11   | Killed an ancient lich
107225 | Zig:11   | Identified Opuis's Almanac of Protection and Battle Magic (You found it on level 11 of a ziggurat)
107268 | Zig:11   | Got a polished battleaxe
107273 | Zig:12   | Entered Level 12 of a ziggurat
107280 | Zig:12   | Noticed a juggernaut
107283 | Zig:12   | Noticed a juggernaut
107285 | Zig:12   | Killed a juggernaut
107287 | Zig:12   | Killed a juggernaut
107294 | Zig:12   | Noticed a juggernaut
107296 | Zig:12   | Killed a juggernaut
107457 | Zig:12   | Identified the Tome of Bewitchment and the Compass
107488 | Zig:13   | Entered Level 13 of a ziggurat
107498 | Zig:13   | Noticed Fimategh the pandemonium lord
107498 | Zig:13   | Noticed Ocyttunaju the pandemonium lord
107499 | Zig:13   | Noticed Qaik the pandemonium lord
107506 | Zig:13   | Killed Ocyttunaju the pandemonium lord
107514 | Zig:13   | Killed Fimategh the pandemonium lord
107516 | Zig:13   | Killed Qaik the pandemonium lord
107525 | Zig:13   | Noticed Noloit the pandemonium lord
107529 | Zig:13   | Killed Noloit the pandemonium lord
107678 | Zig:13   | Identified the Grimoire of Blistering Conjuration
107714 | Zig:13   | Identified the +4 battleaxe "Udemekae" {flame, rF+ MR+} (You found it on level 11 of a ziggurat)
107728 | Zig:13   | Got a steaming battleaxe
107730 | Zig:13   | Identified the +6 battleaxe "Garagytz" {freeze, Fragile rPois Str-4 Stlth+} (You found it on level 13 of a ziggurat)
107736 | Zig:13   | Got a crude spear
107737 | Zig:13   | Identified the +6 spear of Untimely Demise {speed, *Noise rF+ rN+ SInv} (You found it on level 13 of a ziggurat)
107751 | Zig:14   | Entered Level 14 of a ziggurat
107863 | Zig:14   | Got a smoking copper ring
107876 | Zig:14   | Got a shimmering platinum amulet
107879 | Zig:14   | Identified the amulet "Waulekog" {Harm *Drain *Contam rC+++ Str-5 Slay+2} (You found it on level 14 of a ziggurat)
107887 | Zig:14   | Identified the ring of Ytojosm {rF+ Str+4 Dex+4 Slay+4} (You found it on level 14 of a ziggurat)
107899 | Zig:14   | Got a pitted plate armour
107900 | Zig:14   | Identified the +2 plate armour "Ceqem" {rElec Str+3 Int-2} (You found it on level 14 of a ziggurat)
107928 | Zig:15   | Entered Level 15 of a ziggurat
108070 | Zig:15   | Gained mutation: You are frail (-10% HP). [mutagenic glow]
108103 | Zig:15   | Got a shimmering broad axe
108368 | Zig:15   | Got a scorched ring mail
108372 | Zig:16   | Entered Level 16 of a ziggurat
108391 | Zig:16   | Noticed an ancient lich
108395 | Zig:16   | Killed an ancient lich
108516 | Zig:16   | Got a smoking steel ring
108534 | Zig:16   | Identified the +2 ring mail of the Heavens {+Inv} (You found it on level 15 of a ziggurat)
108580 | Zig:16   | Identified the +3 broad axe "Teituiw" {flame, rN+ Str+4 Int+4 Dex-4} (You found it on level 15 of a ziggurat)
108587 | Zig:16   | Identified the ring "Baot" {rF+ rC+ rN+ Str-2 Dex+4} (You found it on level 16 of a ziggurat)
108633 | Zig:16   | Identified the Reference Book on Execration (You found it on level 16 of a ziggurat)
108784 | Zig:17   | Entered Level 17 of a ziggurat
109054 | Zig:17   | Identified Widdon's Beginning Course on Thaumaturgy (You found it on level 17 of a ziggurat)
109056 | Zig:17   | Identified the Reference Book on Flamy Conjuration (You found it on level 17 of a ziggurat)
109072 | Zig:17   | Got a brightly glowing ring mail
109073 | Zig:17   | Identified the cursed +1 ring mail of Jigsaw {rElec Int-2 Slay+6} (You found it on level 17 of a ziggurat)
109090 | Zig:18   | Entered Level 18 of a ziggurat
109119 | Zig:18   | Noticed an ancient lich
109121 | Zig:18   | Killed an ancient lich
109204 | Zig:18   | Got a clouded bone ring
109210 | Zig:18   | Identified the ring of the Quahog {+Inv rF+ MR+} (You found it on level 18 of a ziggurat)
109343 | Zig:19   | Entered Level 19 of a ziggurat
109353 | Zig:19   | Noticed an orb of fire
109356 | Zig:19   | Noticed an orb of fire
109359 | Zig:19   | Killed an orb of fire
109365 | Zig:19   | Noticed an orb of fire
109365 | Zig:19   | Noticed an orb of fire
109365 | Zig:19   | Gained mutation: Your body sometimes deteriorates upon taking damage. [an orb of fire]
109370 | Zig:19   | Killed an orb of fire
109372 | Zig:19   | Noticed an orb of fire
109372 | Zig:19   | Gained mutation: You expend magic power (3 MP) to strengthen your wands. [an orb of fire]
109374 | Zig:19   | Killed an orb of fire
109374 | Zig:19   | Reached skill level 25 in Earth Magic
109375 | Zig:19   | Noticed an orb of fire
109407 | Zig:19   | Gained mutation: Your body often deteriorates upon taking damage. [an orb of fire]
109409 | Zig:19   | Gained mutation: Armour fits poorly on your strangely shaped body. [an orb of fire]
109428 | Zig:19   | Killed an orb of fire
109430 | Zig:19   | Gained mutation: You are very frail (-20% HP). [an orb of fire]
109435 | Zig:19   | Gained mutation: Your spells are a little easier to cast, but a little less powerful. [mutagenic glow]
109438 | Zig:19   | Gained mutation: Scrolls take you a little longer to read. [an orb of fire]
109441 | Zig:19   | Killed an orb of fire
109494 | Zig:19   | Gained mutation: You are extremely frail (-30% HP). [mutagenic glow]
109506 | Zig:19   | Gained mutation: You are clumsy. (Dex -2) [an orb of fire]
109529 | Zig:19   | Killed an orb of fire
109608 | Zig:19   | Gained mutation: You tend to lose your temper in combat. [mutagenic glow]
109645 | Zig:19   | Gained mutation: You are very clumsy. (Dex -4) [mutagenic glow]
109815 | Zig:19   | Lost mutation: Armour fits poorly on your strangely shaped body. [potion of cure mutation]
109815 | Zig:19   | Lost mutation: You are very clumsy. (Dex -4) [potion of cure mutation]
109815 | Zig:19   | Lost mutation: You are clumsy. (Dex -2) [potion of cure mutation]
109815 | Zig:19   | Lost mutation: You are extremely frail (-30% HP). [potion of cure mutation]
109815 | Zig:19   | Lost mutation: You are weak. (Str -2) [potion of cure mutation]
109816 | Zig:19   | Lost mutation: You are very frail (-20% HP). [potion of cure mutation]
109816 | Zig:19   | Lost mutation: You are frail (-10% HP). [potion of cure mutation]
109816 | Zig:19   | Lost mutation: Your spells are a little easier to cast, but a little less powerful. [potion of cure mutation]
109816 | Zig:19   | Lost mutation: You expend magic power (3 MP) to strengthen your wands. [potion of cure mutation]
109817 | Zig:19   | Lost mutation: Your body often deteriorates upon taking damage. [potion of cure mutation]
109817 | Zig:19   | Lost mutation: Your body sometimes deteriorates upon taking damage. [potion of cure mutation]
109817 | Zig:19   | Lost mutation: Scrolls take you a little longer to read. [potion of cure mutation]
109818 | Zig:19   | Lost mutation: You tend to lose your temper in combat. [potion of cure mutation]
109842 | Zig:19   | Got a clouded granite ring
109846 | Zig:19   | Identified the ring "Raolamo" {Fire rElec MR+ Str+3 Int-4} (You found it on level 19 of a ziggurat)
109855 | Zig:19   | Identified the Handbook of Bewitchment
109864 | Zig:19   | Got a shimmering shield
109911 | Zig:19   | Got a bloodstained glaive
109927 | Zig:19   | Identified the +1 shield "Sidieh" {Dex-5 Slay+3 SInv Stlth+} (You found it on level 19 of a ziggurat)
109936 | Zig:19   | Identified the cursed +1 glaive of Kiefasua {flame, Dex+6} (You found it on level 19 of a ziggurat)
109949 | Zig:19   | Got a heavily runed plate armour
109979 | Zig:20   | Entered Level 20 of a ziggurat
110015 | Zig:20   | Noticed a greater mummy
110016 | Zig:20   | Noticed a greater mummy
110017 | Zig:20   | Killed a greater mummy
110018 | Zig:20   | Noticed a greater mummy
110018 | Zig:20   | Killed a greater mummy
110020 | Zig:20   | Noticed a greater mummy
110023 | Zig:20   | Noticed a greater mummy
110024 | Zig:20   | Killed a greater mummy
110025 | Zig:20   | Noticed a greater mummy
110025 | Zig:20   | Killed a greater mummy
110028 | Zig:20   | Killed a greater mummy
110028 | Zig:20   | Killed a greater mummy
110032 | Zig:20   | Noticed a greater mummy
110033 | Zig:20   | Killed a greater mummy
110178 | Zig:21   | Entered Level 21 of a ziggurat
110199 | Zig:21   | Noticed an ancient lich
110201 | Zig:21   | Killed an ancient lich
110307 | Zig:21   | Identified the cursed +0 plate armour "Otiphos" {rC+ rN+ Int+3 Stlth+} (You found it on level 19 of a ziggurat)
110314 | Zig:21   | Identified Gofa's Handbook of Helpful Bewitchment (You found it on level 21 of a ziggurat)
110332 | Zig:21   | Identified Qololoz's Disquisition on Destructive Flames (You found it on level 21 of a ziggurat)
110347 | Zig:21   | Got a coiled lead ring
110351 | Zig:21   | Got a brightly glowing marble ring
110370 | Zig:21   | Identified the ring "Issiarch" {MP+9 Stlth-} (You found it on level 21 of a ziggurat)
110381 | Zig:21   | Got a steaming plate armour
110383 | Zig:21   | Identified the +10 plate armour of the Bagpipe {rF+ Str+3 Dex+3} (You found it on level 21 of a ziggurat)
110391 | Zig:21   | Identified the ring of Caobra {rPois rN+} (You found it on level 21 of a ziggurat)
110407 | Zig:22   | Entered Level 22 of a ziggurat
110510 | Zig:22   | Got a glittering ivory amulet
110519 | Zig:22   | Identified the Incunabulum of Limited Liability
110523 | Zig:22   | Got an obsidian-encrusted plate armour
110562 | Zig:22   | Learned a level 7 spell: Ring of Flames
110564 | Zig:22   | Identified Sif Muna's Incunabulum of the Frostbite (You found it on level 22 of a ziggurat)
110574 | Zig:22   | Identified the amulet of Ocwan {Reflect rN+ SH+2} (You found it on level 22 of a ziggurat)
110631 | Zig:23   | Entered Level 23 of a ziggurat
110761 | Zig:23   | Got a wizard robe
110766 | Zig:23   | Got a transparent scimitar
110788 | Zig:23   | Identified the +0 robe "Eroxt" {*Confuse rPois rN+ SInv} (You found it on level 23 of a ziggurat)
110794 | Zig:23   | Identified the +9 scimitar of Purpose {freeze, Dex+3} (You found it on level 23 of a ziggurat)
110801 | Zig:23   | Identified the +2 plate armour of Pride {*Drain rC+ MP+9 SInv} (You found it on level 22 of a ziggurat)
110985 | Zig:24   | Entered Level 24 of a ziggurat
111049 | Zig:24   | Gained mutation: Your body sometimes deteriorates upon taking damage. [mutagenic glow]
111142 | Zig:24   | Got a sparkling iron ring
111156 | Zig:24   | Got a slimy ruby amulet
111158 | Zig:24   | Got a twitching platinum ring
111209 | Zig:24   | Got an encrusted triple sword
111210 | Zig:24   | Identified the +9 triple sword "Giant's Funeral" {elec, Str+7} (You found it on level 24 of a ziggurat)
111235 | Zig:24   | Got a steaming tin amulet
111244 | Zig:24   | Identified the amulet "Sirchuir" {Spirit rF+} (You found it on level 24 of a ziggurat)
111249 | Zig:24   | Identified the ring "Neishrytz" {+Blink MR- MP+9 Str+7 Int+4} (You found it on level 24 of a ziggurat)
111251 | Zig:24   | Identified the ring "Goleuntu" {Ice *Drain MP+9 Slay+3 SInv} (You found it on level 24 of a ziggurat)
111255 | Zig:24   | Identified the amulet of Pakellas's Regard {Harm *Drain MR+ Int+4} (You found it on level 24 of a ziggurat)
111292 | Zig:24   | Got an ivory dagger
111302 | Zig:25   | Entered Level 25 of a ziggurat
111554 | Zig:25   | Got an ancient bone ring
111619 | Zig:25   | Identified the Tome of Evil Aid
111640 | Zig:25   | Identified the ring of False Pretenses {rElec rN+ Str+3 Int-2} (You found it on level 25 of a ziggurat)
111645 | Zig:25   | Got a shimmering chain mail
111646 | Zig:25   | Identified the +5 chain mail of Neoggel {Int-4 Dex+7} (You found it on level 25 of a ziggurat)
111671 | Zig:26   | Entered Level 26 of a ziggurat
111718 | Zig:26   | Reached skill level 26 in Earth Magic
111800 | Zig:26   | Got a vibrating marble ring
111808 | Zig:26   | Reached skill level 27 in Earth Magic
111809 | Zig:26   | Reached skill level 15 in Staves
111813 | Zig:26   | Identified Sif Muna's Guide on Confrontation and Displacement (You found it on level 26 of a ziggurat)
111845 | Zig:27   | Entered Level 27 of a ziggurat
111871 | Zig:27   | Noticed a greater mummy
111875 | Zig:27   | Noticed a greater mummy
111875 | Zig:27   | Killed a greater mummy
111876 | Zig:27   | Killed a greater mummy
111911 | Zig:27   | Noticed a greater mummy
111912 | Zig:27   | Noticed a greater mummy
111912 | Zig:27   | Noticed a greater mummy
111913 | Zig:27   | Killed a greater mummy
111914 | Zig:27   | Killed a greater mummy
111917 | Zig:27   | Noticed a greater mummy
111917 | Zig:27   | Noticed a greater mummy
111918 | Zig:27   | Killed a greater mummy
111923 | Zig:27   | Noticed a greater mummy
111926 | Zig:27   | Noticed a greater mummy
111931 | Zig:27   | Noticed a greater mummy
111933 | Zig:27   | Noticed a greater mummy
111933 | Zig:27   | Noticed a greater mummy
111933 | Zig:27   | Noticed a greater mummy
111933 | Zig:27   | Noticed a greater mummy
111933 | Zig:27   | Noticed a greater mummy
111942 | Zig:27   | Killed a greater mummy
111950 | Zig:27   | HP: 9/192 [mummy priest/divine providence (15)]
111972 | Zig:27   | Gained mutation: Your magical capacity is low (-10% MP). [mutagenic glow]
111974 | Zig:27   | Slain by a reaper

Vault maps used:
D:1:      lemuel_arrival_hallway, bh_walls_and_bars
D:2:      kiku_gazebo_pond_becter
D:3:      nicolae_ru_great_annihilating_truth, first_bread, uniq_grinder
D:4:      cheibriados_altar_1, trog_wizard, uniq_robin
D:5:      kennysheep_spiral_hall, uniq_duvessa
D:6:      nicolae_whirlpool, serial_shops, nicolae_shop_waterfront,
          nicolae_tso_swordbearing_angel, uniq_sigmund, uniq_blork_the_orc
D:7:      kennysheep_mini_moat, nicolae_overflow_hidden_temple,
          lemuel_temple_firewalk_marked, uniq_crazy_yiuf_cottage
D:8:      nemelex_xobeh_ov_fountains_minmay, old_standard_altar, zin_statuary
D:9:      dpeg_lair_monsters, hangedman_tree_tricks, solitary_fountain
D:10:     uniq_maurice
D:11:     basic_altar, lightli_fourway_metalbox
D:12:     david_orc_5, mrwooster_statue_mirror, uniq_azrael
D:13:     nicolae_dithmenos_shadow_blocks
D:14:     kennysheep_treasure_stockpile, david_vaults_3, hangedman_glass_teeth,
          serial_shops, nicolae_shop_stone, fedhas_altar_4, uniq_frances
D:15:     gammafunk_depths_entry_grave, corexii_corridor_pit
Temple:   circular_temple_pool_12
Lair:1:   lemuel_fruit_fields
Lair:2:   minmay_lair_venomous_thicket, grunt_megastairs_5, uniq_nergalle
Lair:3:   guppyfry_snake_entry_island, uniq_rupert, uniq_snorg, uniq_fannar
Lair:4:   worms_lemuel
Lair:5:   beast_lair_carwin_4
Lair:6:   minmay_shoals_entry_hut
Lair:7:   slime_altar_1, basic_altar
Lair:8:   minmay_lair_end_enchanted_forest, nicolae_lair_yak_garden
Shoals:2: uniq_roxanne
Shoals:3: serial_shops, nicolae_shop_statue_plus
Shoals:4: shoals_end_simple, shoal_ilsuiw
Snake:1:  basic_altar, serial_bayou_crossing
Snake:2:  serial_shops, nicolae_shop_waterfront, uniq_aizul
Snake:3:  basic_stair_grate_trap, uniq_louise, uniq_vashnia, uniq_kirke
Snake:4:  grunt_snake_rune_pools, st_stairs_5, grunt_megastairs_4,
          serial_bayou_shore_b, uniq_nikola
Slime:5:  cheibrodos_slime_lost_civilization_4, uniq_donald
Orc:1:    basic_altar
Orc:2:    grunt_orc_community_town_hall, grunt_orc_community_big_house_1,
          grunt_orc_community_big_house_2, grunt_orc_community_house_1,
          grunt_orc_community_house_3, grunt_orc_community_house_2,
          grunt_orc_community_house_1, grunt_orc_community_house_2,
          special_room, uniq_saint_roka
Elf:1:    eino_elf_arrival_customs, minmay_elf_necromancy, grunt_megastairs_2
Elf:2:    serial_shops, nicolae_shop_stone, basic_altar, uniq_wiglaf
Elf:3:    minmay_elf_hall_hex, infiniplex_enter_wizlab_water, serial_shops,
          nicolae_shop_behind_doors, st_stairs_5
Vaults:1: ontoclasm_vaults_shuriken, v_rooms_3, v_misc_29, vaults_room_octagon,
          vaults_room_stairs_pillars, ontoclasm_vaults_ring_small,
          dpeg_vaults_monster_box, nicolae_vaults_alarming, uniq_jorgrun
Vaults:2: hangedman_vaults_locks, hangedman_vaults_stretched_pinwheel,
          vaults_room_pools, v_misc_13, minmay_crypt_entry_necro_gods,
          nicolae_vaults_rhombus_6, vaults_mumra_lcd, grunt_vaults_hallway_long,
          nicolae_vaults_border_crossing, nicolae_vaults_big_angled_halls,
          vaults_dpeg_hooks, ontoclasm_vaults_hangar
Vaults:3: ontoclasm_vaults_echo, nicolae_vaults_triangles, vaults_room_boxed,
          grunt_vaults_trifunnel, hangedman_vaults_maws,
          hangedman_vaults_stream, v_misc_9, nicolae_vaults_asterisk,
          hangedman_vaults_stretched_pinwheel, nicolae_vaults_shelves_hall
Vaults:4: nicolae_vaults_diagonal_hallway_9, grunt_vaults_swirl,
          hangedman_vaults_trim, v_misc_16, vaults_room_stairs_pillars,
          st_lattice, v_misc_25, ontoclasm_vaults_loading_screen, v_misc_30,
          serial_shops, nicolae_shop_behind_doors, uniq_sojobo
Crypt:1:  grunt_ministairs_15, serial_sigils_hangedman_stare, grunt_megastairs_3
Crypt:2:  serial_sigils_hangedman_quiver, basic_stair_grate_trap
Crypt:3:  church_of_pain_bobbens, minmay_misc_feat_alley
Depths:1: enter_ziggurat_b, hell_entry, hangedman_decor_riveting,
          rand_demon_pan_entry_4, spider_trap, kennysheep_big_empty_room,
          grunt_ministairs_11, kennysheep_inner_square
Depths:2: grunt_crosshair, rand_demon_pan_entry_5, abyss_entry, hell_entry
Depths:3: cell_vault, grunt_hell_entry_dis_grunt,
          nicolae_trove_entry_free_sample, rand_demon_pan_entry_9,
          minmay_misc_feat_columns, roderic_lattice_octagonal_star,
          serial_bayou_shore_b, uniq_mara
Depths:4: grunt_x_marks_the_spot, pf_vacation_house_of_asmodeus,
          infiniplex_staircase_spiral_double, minmay_room_of_horrors, pan_entry,
          uniq_jory
Depths:5: evilmike_zot_entry_basic, hell_entry, minmay_misc_feat_diagonals,
          serial_sigils, serial_sigils_hangedman_quiver,
          serial_sigils_hangedman_etch, serial_sigils_hangedman_quiver,
          serial_sigils_hangedman_gnaw, serial_sigils_hangedman_snap,
          serial_sigils_hangedman_confine, minmay_misc_feat_rows,
          minmay_misc_feat_hallway
Abyss:3:  evilmike_abyss_exit_6, due_abyss_rune, minivault_22
Zig:7:    ziggurat_pillar_centre_dead_trees
Zig:8:    ziggurat_pillar_centre_c
Zig:11:   ziggurat_pillar_centre_oklobs
Zig:13:   ziggurat_pillar_centre_smoke
Zig:22:   ziggurat_pillar_centre_more_plants
Zig:23:   ziggurat_loot_1
Trove:    trove_simple
WizLab:   wizlab_lehudib

Skill      XL: |  1  2  3  4  5  6  7  8  9 10 11 12 13 14 15 16 17 18 19 20 21 22 23 24 25 26 27 |
---------------+----------------------------------------------------------------------------------+-----
Earth Magic    | 4 5 6 7 8 9 10 11 12 13 14 15 16 17 18 19 20 21 27 | 27.0
Spellcasting   | 3 4 6 7 8 9 10 11 12 13 14 15 16 17 18 23 | 23.3
Fighting       | 2 4 5 6 7 9 10 11 12 13 14 15 16 17 18 24 | 24.4
Armour         | 2 4 5 6 7 8 9 10 11 22 | 22.3
Conjurations   | 2 4 5 6 7 8 10 11 12 13 14 15 17 18 24 | 24.3
Translocations | 2 3 4 5 6 7 |  7.0
Staves         | 2 3 5 6 7 9 10 11 12 17 | 17.4
Evocations     | 1 3 4 5 6 7 8 9 10 11 19 | 19.2
Fire Magic     | 5 8 9 10 11 12 13 14 15 16 17 22 | 22.6
Dodging        | 3 5 7 9 10 11 12 | 12.0
Shields        | 2 4 5 |  5.0
Charms         | 14 | 14.2
Stealth        | |  2.1
Transmutations | |  0.7

Action                   |  1- 3 |  4- 6 |  7- 9 | 10-12 | 13-15 | 16-18 | 19-21 | 22-24 | 25-27 || total
-------------------------+-------+-------+-------+-------+-------+-------+-------+-------+-------++-------
Melee: Unarmed           |    14 |       |       |       |       |       |       |       |       ||    14
       War axe           |    12 |   143 |    47 |       |       |       |       |       |       ||   202
       Short sword       |     9 |       |   102 |       |       |       |       |       |    18 ||   129
       Quarterstaff      |       |       |   109 |    22 |   695 |   418 |       |    15 |   124 ||  1383
       Great sword       |       |       |       |     4 |       |       |       |       |     3 ||     7
       Lajatang          |       |       |       |       |       |    32 |       |       |    22 ||    54
       Staff             |       |       |       |       |       |     7 |   172 |    85 |   337 ||   601
       Halberd           |       |       |       |       |       |       |       |    84 |   178 ||   262
       Spear             |       |       |       |       |       |       |       |     8 |       ||     8
       Long sword        |       |       |       |       |       |       |       |       |    50 ||    50
       Demon whip        |       |       |       |       |       |       |       |       |     4 ||     4
       Scimitar          |       |       |       |       |       |       |       |       |     3 ||     3
       Demon blade       |       |       |       |       |       |       |       |       |     1 ||     1
       Scythe            |       |       |       |       |       |       |       |       |     1 ||     1
 Fire: Greatsling        |       |       |       |       |       |       |     5 |       |       ||     5
Throw: Tomahawk          |       |     5 |    14 |     9 |       |       |       |       |       ||    28
       Stone             |       |     2 |     5 |    22 |    25 |       |       |       |       ||    54
       Throwing net      |       |       |       |       |     1 |       |       |       |     2 ||     3
 Cast: Sandblast         |    38 |    24 |    63 |   248 |     1 |       |       |       |       ||   374
       Stone Arrow       |       |       |    39 |   150 |   566 |   352 |       |       |       ||  1107
       Passwall          |       |       |     1 |       |       |       |       |       |     1 ||     2
       Lee's Rapid Decon |       |       |     2 |    11 |    48 |   154 |    33 |    70 |   199 ||   517
       Apportation       |       |       |       |     2 |    21 |    44 |    18 |     7 |    55 ||   147
       Fireball          |       |       |       |       |   150 |   220 |   274 |   180 |    86 ||   910
       Bolt of Magma     |       |       |       |       |     3 |   183 |   298 |   241 |   113 ||   838
       Passage of Golubr |       |       |       |       |     5 |     9 |     1 |     1 |    28 ||    44
       Blink             |       |       |       |       |       |     3 |     2 |     2 |     1 ||     8
       Delayed Fireball  |       |       |       |       |       |     3 |     1 |     2 |     2 ||     8
       Animate Skeleton  |       |       |       |       |       |    18 |   143 |   138 |   141 ||   440
       Iron Shot         |       |       |       |       |       |     6 |    35 |    95 |   538 ||   674
       Summon Butterflie |       |       |       |       |       |     1 |     1 |       |    12 ||    14
       Shatter           |       |       |       |       |       |       |       |    19 |   148 ||   167
       Fire Storm        |       |       |       |       |       |       |       |     1 |   564 ||   565
       Lehudib's Crystal |       |       |       |       |       |       |       |       |    42 ||    42
       Haste             |       |       |       |       |       |       |       |       |    34 ||    34
       Regeneration      |       |       |       |       |       |       |       |       |    12 ||    12
       Repel Missiles    |       |       |       |       |       |       |       |       |     7 ||     7
 Abil: Fly               |       |       |       |       |     1 |       |       |       |       ||     1
       Release Delayed F |       |       |       |       |       |     1 |     1 |     1 |     1 ||     4
       Stop Flying       |       |       |       |       |       |       |       |       |     1 ||     1
Evoke: Wand              |       |       |       |       |     1 |     2 |     2 |       |     8 ||    13
       Rod               |       |       |       |       |     2 |       |       |       |     1 ||     3
       Lamp of fire      |       |       |       |       |       |     1 |       |       |     3 ||     4
       Staff of energy   |       |       |       |       |       |       |       |       |   984 ||   984
       Crystal ball of e |       |       |       |       |       |       |       |       |    11 ||    11
       Disc of storms    |       |       |       |       |       |       |       |       |     1 ||     1
       Figurine of a zig |       |       |       |       |       |       |       |       |     1 ||     1
  Use: Scroll            |       |     4 |    12 |     5 |    13 |    20 |     5 |     7 |    57 ||   123
       Potion            |       |       |     3 |     2 |    13 |     8 |     5 |     4 |    52 ||    87
 Stab: Sleeping          |     1 |     3 |     6 |       |     3 |       |       |       |       ||    13
       Paralysed         |       |     1 |       |       |     7 |     2 |       |     1 |       ||    11
       Distracted        |       |       |     1 |       |       |     2 |       |     1 |       ||     4
       Confused          |       |       |       |       |     2 |     6 |       |       |     1 ||     9
       Petrified         |       |       |       |       |     1 |     2 |       |       |       ||     3
       Petrifying        |       |       |       |       |       |     3 |       |       |       ||     3
  Eat: Chunk             |     2 |     7 |     8 |    17 |    46 |    66 |    49 |    40 |   124 ||   359
       Bread ration      |       |     1 |     2 |       |     2 |     1 |       |       |     4 ||    10
       Fruit             |       |       |       |     3 |     6 |    11 |       |    10 |     5 ||    35
       Beef jerky        |       |       |       |       |     3 |     1 |       |       |    10 ||    14
       Meat ration       |       |       |       |       |     2 |     1 |       |       |     3 ||     6
       Pizza             |       |       |       |       |     1 |       |       |       |     3 ||     4
       Royal jelly       |       |       |       |       |       |       |       |       |    11 ||    11
